cohdb
Replays
Latest Replays
All Replays
Popular Replays
Top Player Replays
Match Explorer
How It Works
Community
CoH3 Stats
Reddit
Sign in to upload your games and track your stats! →
Sign in with Steam
Match 41745522
Unlisted
Match 41745522
Overview
Messages
Build Orders
End
Panzergrenadier Squad
Panzergrenadier Squad
Panzergrenadier Squad
Construct Light Support Kompanie
Kradschützen Motorcycle Team
Selects Panzerjäger Kommand Battlegroup
Selects Mine Fields
2.5-tonne Medical Truck
Assault Mechanized Group
Selects Tank Busters
Selects Defensive Positions
Panzerjäger Squad
Fire Support Elements
le.IG 18 Support Gun Team
Selects Butterfly Bomb Drop
le.IG 18 Support Gun Team
PotatoScav
massmsc
neko chan
Insomniac
0
0
Comments
sign in to comment!
No comments posted yet!